 Dungeon Crawl Stone Soup version 0.28-a0-1415-g7c84da036a (webtiles) character file.

Game seed: 17495719983581193861

616 funkygono the Firebug (level 7, -3/36 HPs)
             Began as a Gargoyle Fire Elementalist on Jan 7, 2022.
             Slain by a hornet zombie (8 damage)
             ... on level 5 of the Dungeon.
             The game lasted 00:06:59 (4438 turns).

funkygono the Firebug (Gargoyle Fire Elementalist)  Turns: 4438, Time: 00:06:59

Health: -3/36      AC:  8    Str: 11    XL:     7   Next: 45%
Magic:  10/13      EV: 12    Int: 18    God:
Gold:   164        SH:  0    Dex: 10    Spells: 5/15 levels left

rFire   . . .      SeeInvis .   t - +1 whip (chaos)
rCold   . . .      Faith    .   (no shield)
rNeg    + . .      Spirit   .   a - +0 robe
rPois   ∞          Reflect  .   (no helmet)
rElec   +          Harm     .   (no cloak)
rCorr   .          Rampage  .   p - +1 pair of gloves
Will    .....                   (no boots)
Stlth   ++........              (no amulet)
HPRegen 0.12/turn               (no ring)
MPRegen 0.13/turn               (no ring)

@: no status effects
A: sickness immunity, AC +4, negative energy resistance 1, electricity
resistance, torment resistance 1, petrification resistance
a: no special abilities


You were on level 5 of the Dungeon.
You visited 1 branch of the dungeon, and saw 5 of its levels.

You collected 164 gold pieces.

Inventory:

Hand Weapons
 t - a +1 whip of chaos (weapon)
Missiles
 j - 23 stones
Armour
 a - a +0 robe (worn)
 k - an orb of mayhem
 p - a +1 pair of gloves (worn)
Magical Staves
 h - a staff of poison
Scrolls
 c - 2 scrolls of immolation
 d - a scroll of magic mapping {unknown}
 l - 3 scrolls of teleportation
 n - a scroll of enchant armour
Potions
 b - a potion of curing
 e - a potion of resistance
 f - a potion of heal wounds
 g - 2 potions of mutation
 m - 2 potions of might
 o - a potion of magic
 q - a potion of brilliance {unknown}


   Skills:
 + Level 0.2 Fighting
 + Level 0.2 Maces & Flails
 + Level 1.9 Dodging
 - Level 2.1 Stealth
 * Level 4.5 Spellcasting
 * Level 3.6 Conjurations
 * Level 6.0 Fire Magic


You had 5 spell levels left.
You knew the following spells:

 Your Spells              Type           Power      Damage    Failure   Level
a - Foxfire               Conj/Fire      84%        2x1d8     1%          1
b - Scorch                Fire           50%        2d7       1%          2
c - Conjure Flame         Conj/Fire      21%        6-21      6%          3
d - Flame Wave            Conj/Fire      21%        2d6       19%         4

Your spell library contained the following spells:

 Spells                   Type           Power      Damage    Failure   Level
 Inner Flame              Hex/Fire       14%        N/A       12%         3
 Beastly Appendage        Tmut           8%         N/A       14%         1
 Sting                    Tmut/Pois      16%        1d3       14%         1
 Alistair's Intoxication  Tmut/Pois      2%         N/A       98%         5
 Storm Form               Tmut/Air       2%         N/A       100%        7
 Statue Form              Tmut/Erth      Unusable   N/A       N/A         6

Dungeon Overview and Level Annotations

Branches:
Dungeon (5/15)
 Temple: D:4-7

Altars:
Qazlal

Shops:
D:5 ?


Innate Abilities, Weirdness & Mutations

You are immune to sickness and miasma.
Your stone body is resilient. (AC +4)
You are immune to poison.
You resist negative energy. (rN+)
You are resistant to electric shocks. (rElec)
You are resistant to unholy torment.
You are immune to petrification.


Message History

You kill the scorpion!
Your Fire Magic skill increases to level 6!
Found 21 bolts.
You see here a scorpion corpse.
A hornet zombie comes into view.
The hornet zombie moves out of view.
You hit the hornet zombie but do no damage.
The hornet zombie hits you. x2
You hit the hornet zombie. You burn the hornet zombie.
The hornet zombie is lightly damaged.
The hornet zombie hits you!
You barely miss the hornet zombie.
The hornet zombie is lightly damaged.
The hornet zombie barely misses you.
Casting: Scorch (safe; 1% risk of failure)
Confirm with . or Enter, or press ? or * to list all spells.
You conjure some foxfire!
The hornet zombie hits you but does no damage.
The hornet zombie barely misses you.
Casting: Foxfire (safe; 1% risk of failure)
Confirm with . or Enter, or press ? or * to list all spells.
Flames lash the hornet zombie.
The hornet zombie is lightly damaged.
The hornet zombie's fire resistance burns away.
You hear a shout! x3
The foxfire hits the hornet zombie but does no damage.
The hornet zombie is lightly damaged.
The foxfire hits the hornet zombie.
The hornet zombie is burned terribly!
The hornet zombie is lightly damaged.
The hornet zombie closely misses you.
You hear a shout!
You hit the hornet zombie.
The hornet zombie is lightly damaged.
The hornet zombie hits you.
You hit the hornet zombie. You burn the hornet zombie.
The hornet zombie is moderately damaged.
The hornet zombie hits you!
* * * LOW HITPOINT WARNING * * *
The hornet zombie hits you!
You die...

#.#.#..#.#
#.#.#..#.#
#.#.#..#
#.#.#..#
#.#.# #.#
. # #.#
....#.#.#
#...Z@#
##....#
.....##.#
..... ..#
#### ###


You could see a hornet zombie (combustible).

Vanquished Creatures
  Sigmund (D:2)
  An ogre (D:4)
  2 scorpions
  A water moccasin skeleton (D:4)
  A jelly (D:4)
  A bullfrog skeleton (D:4)
  A hound (D:4)
  5 adders
  An adder skeleton (D:4)
  3 worms
  3 dart slugs
  An orc (D:4)
  2 endoplasms (D:4)
  A giant cockroach (D:4)
  6 goblins
  9 hobgoblins
  5 jackals
  3 quokkas
  2 ball pythons
  9 bats
  5 frilled lizards
  8 kobolds
  5 rats
76 creatures vanquished.

Vanquished Creatures (others)
  232 foxfires
232 creatures vanquished.

Grand Total: 308 creatures vanquished

Notes
Turn   | Place    | Note
-------+----------+-------------------------------------------
     0 | D:1      | funkygono the Gargoyle Fire Elementalist began the quest
                  | for the Orb.
     0 | D:1      | Reached XP level 1. HP: 10/10 MP: 3/3
   211 | D:1      | Reached XP level 2. HP: 15/15 MP: 3/5
   247 | D:1      | Learned a level 2 spell: Scorch
   252 | D:1      | Found a faded altar of an unknown god.
   873 | D:2      | Reached XP level 3. HP: 17/19 MP: 0/6
   877 | D:2      | Learned a level 3 spell: Conjure Flame
  1466 | D:2      | Noticed Sigmund
  1474 | D:2      | Killed Sigmund
  1475 | D:2      | Reached skill level 4 in Fire Magic
  1475 | D:2      | Reached XP level 4. HP: 19/24 MP: 0/8
  1475 | D:2      | Reached XP level 5. HP: 22/28 MP: 0/9
  2096 | D:3      | Learned a level 4 spell: Flame Wave
  2134 | D:3      | Found a stormy altar of Qazlal.
  2974 | D:4      | Reached XP level 6. HP: 32/32 MP: 8/11
  3232 | D:4      | Reached skill level 5 in Fire Magic
  3521 | D:4      | Reached XP level 7. HP: 36/36 MP: 6/13
  4264 | D:5      | Entered Level 5 of the Dungeon
  4302 | D:5      | Found Tuuts's Magic Scroll Emporium.
  4322 | D:5      | Got the Tome of Noxious Transmutation
  4382 | D:5      | Reached skill level 6 in Fire Magic
  4438 | D:5      | Slain by a hornet zombie

Illustrated notes

Levels and vault maps discovered:
D:1:      scummos_arrival_simple_crosswalls, layout_loops_cross,
          hellmonk_ecumenical_altar_crossroads
D:2:      layout_rooms, chequers_decorated_corner, uniq_sigmund
D:3:      layout_basic, mainiacjoe_overflow_catwalk, kennysheep_potato
D:4:      layout_basic, grunt_decor_arrowhead, hangedman_decor_growths,
          grunt_ministairs_1
D:5:      layout_basic, beargit_hepliaklqana_dungeon_heroes,
          mainiacjoe_overflow_small_starburst, serial_shops, shop,
          nicolae_take_the_stairs, hangedman_decor_clover_reticule,
          uniq_eustachio, uniq_duvessa, uniq_pikel

Skill      XL: |  1  2  3  4  5  6  7 |
---------------+----------------------+-----
Spellcasting   | 3 4 |  4.5
Conjurations   | 2 3 |  3.6
Fire Magic     | 4 5 6 |  6.0
Fighting       | |  0.2
Maces & Flails | |  0.2
Dodging        | |  1.9
Stealth        | |  2.1

Action                   |  1- 3 |  4- 6 |  7- 9 || total
-------------------------+-------+-------+-------++-------
Melee: Club              |     8 |     2 |       ||    10
       Whip              |       |       |    12 ||    12
 Cast: Foxfire           |    45 |    44 |    42 ||   131
       Scorch            |       |    15 |     3 ||    18
  Use: Scroll            |       |    10 |     7 ||    17
Armor: Robe              |     6 |     4 |     4 ||    14
Dodge: Dodged            |    12 |     3 |     6 ||    21

Table legend: (Time is in decaauts)
 A = Elapsed time spent in this place.
 B = Non-inter-level travel time spent in this place.
 C = Inter-level travel time spent in this place.
 D = Time resting spent in this place.
 E = Time spent auto-exploring this place.
 F = Levels seen in this place.
 G = Mean time per level.
                   A        B        C        D        E       F      G
               +--------+--------+--------+--------+--------+-----+--------+
         Total |   4439 |   4328 |    111 |     26 |   3778 |   5 |  887.8 |
       Dungeon |   4439 |   4328 |    111 |     26 |   3778 |   5 |  887.8 |
               +--------+--------+--------+--------+--------+-----+--------+

Top non-repeatable levels by time:
     D:4: 1322 daAuts
     D:2: 1159 daAuts
     D:3: 921 daAuts
     D:1: 862 daAuts
     D:5: 174 daAuts
